WCHLSIM.com - West Coast Hockey League
html PUBLIC "-//W3C//DTD XHTML 1.0 Transitional//EN" "http://www.w3.org/TR/xhtml1/DTD/xhtml1-transitional.dtd"> WCHL - Game 600 - NORTH DAKOTA HAWKS vs LONG BEACH BARACUDAS

NORTH DAKOTA HAWKS vs LONG BEACH BARACUDAS

Created - 8 février 2021 at 21:12

Goals
1 2 3 T
NORTH DAKOTA HAWKS 1 1 0 2
LONG BEACH BARACUDAS 0 2 1 3
Shots
1 2 3 T
NORTH DAKOTA HAWKS 5 14 6 25
LONG BEACH BARACUDAS 8 16 14 38

1st period

1. NORTH DAKOTA HAWKS , Nick Suzuki 9 (Dougie Hamilton 12, Alex Killorn 10) at 8:19

Penalties :
Luke Kunin (NDH) for Hooking (Minor) at 0:10, Michael Del Zotto (LOB) for Cross-checking (Minor) at 11:18, Zack Kassian (NDH) for Holding (Minor) at 18:30

2nd period

2. LONG BEACH BARACUDAS , Brad Richardson 3 (Alex Pietrangelo 25, J.T. Compher 19) at 2:28
3. NORTH DAKOTA HAWKS , Luke Kunin 7 (Craig Smith 10, Quinton Hughes 6) at 3:34 (PP)
4. LONG BEACH BARACUDAS , Pierre-Edouard Bellemare 2 (Steven Stamkos 26, Jordie Benn 7) at 15:02

Penalties :
Joshua Norris (LOB) for Slashing (Double Minor) at 2:57, Ben Hutton (LOB) for Hooking (Minor) at 8:05, Josh Brown (NDH) for Hooking (Minor) at 12:45, Brock Nelson (LOB) for Roughing (Minor) at 15:09, Marc Staal (NDH) for Hooking (Minor) at 15:09, Pierre-Edouard Bellemare (LOB) for Hooking (Minor) at 19:37

3rd period

5. LONG BEACH BARACUDAS , Stefan Noesen 1 (J.T. Compher 20, Steven Stamkos 27) at 9:05

Penalties :
Josh Brown (NDH) for Tripping (Minor) at 7:03, Dougie Hamilton (NDH) for Hooking (Minor) at 9:55

Goalie Stats

Cameron Talbot (NDH), 35 saves from 38 shots - (0,921), L, 3-15-4, 59:55 minutes
Jonathan Quick (LOB), 23 saves from 25 shots - (0,920), W, 23-9-1, 60:00 minutes

Players Stats for NORTH DAKOTA HAWKS

Player Name              G  A  P  +/- PIM S  H  SB GA TA FO     MP     PP MP  PK MP  
------------------------------------------------------------------------------------
Alex Killorn             0  1  1  -2  0   3  1  0  0  0  0/3    18:09   4:41   0:00 
Brandon Sutter           0  0  0   0  0   0  1  0  0  0  10/21  19:02   3:57   4:46 
Cody Eakin               0  0  0   0  0   3  0  0  0  0  0/4     7:56   0:03   0:00 
Craig Smith              0  1  1   0  0   1  1  0  0  0  1/3    18:40   4:33   4:46 
Dougie Hamilton          0  1  1   1  2   1  1  1  0  0  0/0    21:30   0:03   3:38 
Frank Vatrano            0  0  0   0  0   3  0  0  0  0  0/0    19:27   3:52   5:09 
Jack Hughes              0  0  0   0  0   1  0  0  0  0  0/1     9:21   0:00   0:00 
Josh Brown               0  0  0  -2  4   0  1  1  0  0  0/0    14:25   0:00   0:07 
Luke Kunin               1  0  1  -2  2   1  1  0  0  0  0/0    16:30   4:38   0:00 
Marc Staal               0  0  0  -2  2   0  0  2  0  0  0/0    23:16   3:57   5:35 
Martin Marincin          0  0  0  -1  0   0  1  0  0  0  0/0     8:54   0:00   0:00 
Matthew Nieto            0  0  0   0  0   0  1  0  0  0  0/0     7:56   0:03   0:00 
Nic Dowd                 0  0  0   0  0   0  0  0  0  0  8/14   11:03   0:00   0:00 
Nick Suzuki              1  0  1  -2  0   4  1  0  0  0  8/21   17:32   4:38   0:00 
Quinton Hughes           0  1  1   1  0   3  0  0  0  0  0/0    24:31   4:33   4:48 
Ryan Carpenter           0  0  0   0  0   2  0  0  0  0  10/18  15:43   3:52   5:09 
Ryan Lindgren            0  0  0  -1  0   0  0  1  0  0  0/0    18:50   0:03   5:42 
Zack Kassian             0  0  0   0  2   3  4  0  0  0  0/1    15:15   3:52   0:00 

Players Stats for LONG BEACH BARACUDAS

Player Name              G  A  P  +/- PIM S  H  SB GA TA FO     MP     PP MP  PK MP  
------------------------------------------------------------------------------------
Alex Pietrangelo         0  1  1   2  0   2  0  3  0  0  0/0    16:20   0:14   0:00 
Alexandre Texier         0  0  0   1  0   0  0  0  0  0  0/1    14:01   0:00   0:38 
Ben Hutton               0  0  0   0  2   1  0  1  0  0  0/0    19:25   5:29   3:15 
Brad Richardson          1  0  1   1  0   1  1  0  0  0  0/1     3:08   0:00   0:00 
Brandon Montour          0  0  0   0  0   0  0  2  0  0  0/0    22:56   5:29   1:52 
Brock Nelson             0  0  0   0  2   5  1  0  0  0  14/30  19:58   5:16   0:00 
J.T. Compher             0  2  2   1  0   3  1  0  0  0  13/18  17:09   6:00   6:07 
Jordie Benn              0  1  1   0  0   0  1  0  0  0  0/0    21:14   4:26   4:07 
Joshua Norris            0  0  0   0  4   1  1  0  0  0  8/9     8:18   0:00   0:00 
Kyle Palmieri            0  0  0   0  0   5  0  1  0  0  1/1    19:33   3:55   0:00 
Michael Del Zotto        0  0  0   0  2   0  1  1  0  0  0/0    16:05   0:00   3:16 
Mikael Granlund          0  0  0   0  0   6  0  0  0  0  1/2    14:02   4:39   0:00 
Pierre-Edouard Bellemare 1  0  1   1  2   3  0  0  0  0  8/14   14:29   0:00   2:06 
Reyley Smith             0  0  0   0  0   3  0  0  0  0  0/0    26:52   5:16   5:49 
Ron Hainsey              0  0  0   2  0   1  1  3  0  0  0/0    23:58   4:12   4:36 
Stefan Noesen            1  0  1   1  0   1  0  0  0  0  0/0     3:08   0:00   0:00 
Steven Stamkos           0  2  2   1  0   5  2  0  0  0  4/9    20:28   4:39   2:26 
Tobias Rieder            0  0  0   0  0   1  0  0  0  0  0/1     8:19   0:00   0:00 

3 Stars

1 - Steven Stamkos (LOB)
2 - J.T. Compher (LOB)
3 - Brad Richardson (LOB)

Power Play

NORTH DAKOTA HAWKS - 1 on 5 Attempt(s) - 20,00%
LONG BEACH BARACUDAS - 0 on 5 Attempt(s) - 0,00%

Penalty Kill

NORTH DAKOTA HAWKS - 5 on 5 Attempt(s) - 100,00% - Score 0 goal in Penalty Kill
LONG BEACH BARACUDAS - 4 on 5 Attempt(s) - 80,00% - Score 0 goal in Penalty Kill

Team Stat

NORTH DAKOTA HAWKS - Hits : 13 - Faceoff Wins : 37 - Blocked Shots : 5 - Penalty Minutes : 12
LONG BEACH BARACUDAS - Hits : 9 - Faceoff Wins : 49 - Blocked Shots : 11 - Penalty Minutes : 12

Official

Referees : Kyle Rehman and Ryan Hersey
Linesman : Brendan Lewis and Dennis Urban

Game Notes

No Game Note

Finance

Level 1 -- Attendance: 5494 (87,21%) -- Ticket Income 972 438 $
Level 2 -- Attendance: 4998 (92,13%) -- Ticket Income 574 770 $
Level 3 -- Attendance: 2684 (88,00%) -- Ticket Income 182 512 $
Level 4 -- Attendance: 5619 (93,03%) -- Ticket Income 191 046 $
Luxury Box -- Attendance: 798 (60,92%) -- Ticket Income 267 330 $
Game was played at the MONSTER ENERGY CENTER.
Total Attendance: 19593 (88,56%)
Total Ticket Income: 2 188 096 $
Other Expense: 21 881 $
Total Income: 2 166 215 $

NORTH DAKOTA HAWKS

5 vs 5 Forward 
   Center                   Left Wing                Right Wing               Time % Phy DF OF 
 1 Nick Suzuki              Alex Killorn             Luke Kunin               28     1   2  2  
 2 Nic Dowd                 Frank Vatrano            Zack Kassian             28     1   2  2  
 3 Brandon Sutter           Jack Hughes              Craig Smith              24     1   2  2  
 4 Cody Eakin               Matthew Nieto            Ryan Carpenter           20     0   4  1  

5 vs 5 Defense 
   Defense                  Defense                                           Time % Phy DF OF 
 1 Quinton Hughes           Dougie Hamilton                                   35     1   2  2  
 2 Marc Staal               Josh Brown                                        35     1   2  2  
 3 Ryan Lindgren            Martin Marincin                                   18     1   2  2  
 4 Ryan Lindgren            Dougie Hamilton                                   12     1   2  2  

PowerPlay Forward 
   Center                   Left Wing                Right Wing               Time % Phy DF OF 
 1 Nick Suzuki              Alex Killorn             Luke Kunin               50     1   2  2  
 2 Ryan Carpenter           Frank Vatrano            Zack Kassian             50     1   2  2  

PowerPlay Defense
   Defense                  Defense                                           Time % Phy DF OF 
 1 Marc Staal               Brandon Sutter                                    50     1   2  2  
 2 Quinton Hughes           Craig Smith                                       50     1   2  2  

Penalty Kill 4 Players Forward 
   Center                   Wing                     Time % Phy DF OF 
 1 Ryan Carpenter           Frank Vatrano            50     1   2  2  
 2 Brandon Sutter           Craig Smith              50     1   2  2  

Penalty Kill 4 Players Defense
   Defense                  Defense                  Time % Phy DF OF 
 1 Marc Staal               Dougie Hamilton          50     1   2  2  
 2 Ryan Lindgren            Quinton Hughes           50     1   2  2  

Penalty Kill - 3 Players Forward 
   Forward                                           Time % Phy DF OF 
 1 Ryan Carpenter                                    50     1   2  2  
 2 Brandon Sutter                                    50     1   2  2  

Penalty Kill - 3 Players Defense
   Defense                  Defense                  Time % Phy DF OF 
 1 Marc Staal               Dougie Hamilton          50     1   2  2  
 2 Ryan Lindgren            Quinton Hughes           50     1   2  2  

4 vs 4 Forward 
   Center                   Wing                     Time % Phy DF OF 
 1 Nick Suzuki              Alex Killorn             50     1   2  2  
 2 Brandon Sutter           Zack Kassian             50     1   2  2  

4 vs 4 Defense
   Defense                  Defense                  Time % Phy DF OF 
 1 Quinton Hughes           Ryan Lindgren            50     1   2  2  
 2 Marc Staal               Josh Brown               50     1   2  2  

Last Minutes Offensive
   Center                   Left Wing                Right Wing               Defense                  Defense                  
   Nick Suzuki              Alex Killorn             Luke Kunin               Marc Staal               Dougie Hamilton          

Last Minutes Defensive
   Center                   Left Wing                Right Wing               Defense                  Defense                  
   Brandon Sutter           Frank Vatrano            Craig Smith              Ryan Lindgren            Josh Brown               

Goaltenders
Starting : Cameron Talbot           
Backup : Michael DiPietro         

Extra Forwards
Normal : Cody Eakin, Matthew Nieto, Alex Killorn - PP : Brandon Sutter, Cody Eakin - PK : Alex Killorn
Extra Defensemen
Normal : Ryan Lindgren, Quinton Hughes, Marc Staal - PP : Ryan Lindgren - PK : Quinton Hughes, Ryan Lindgren
Penalty Shots
Nick Suzuki, Alex Killorn, Zack Kassian, Craig Smith, Quinton Hughes
Custom OT Lines Forwards
Nick Suzuki, Alex Killorn, Zack Kassian, Frank Vatrano, Ryan Carpenter, Luke Kunin, Brandon Sutter, Craig Smith, Matthew Nieto, Cody Eakin
Custom OT Lines Defensemen
Quinton Hughes, Dougie Hamilton, Ryan Lindgren, Marc Staal, Martin Marincin

Scratches
Connor Clifton (Healthy), Dillon Dube (Healthy), Nick Bjugstad (Healthy), Henrik Lundqvist (Healthy)

LONG BEACH BARACUDAS

5 vs 5 Forward 
   Center                   Left Wing                Right Wing               Time % Phy DF OF 
 1 Brock Nelson             Reyley Smith             Kyle Palmieri            40     0   1  4  
 2 Pierre-Edouard Bellemare Alexandre Texier         Steven Stamkos           33     0   2  3  
 3 Joshua Norris            Tobias Rieder            Mikael Granlund          18     0   3  2  
 4 Brad Richardson          Stefan Noesen            J.T. Compher             9      0   2  3  

5 vs 5 Defense 
   Defense                  Defense                                           Time % Phy DF OF 
 1 Alex Pietrangelo         Ron Hainsey                                       40     0   3  2  
 2 Ben Hutton               Brandon Montour                                   30     0   3  2  
 3 Michael Del Zotto        Jordie Benn                                       15     0   3  2  
 4 Brandon Montour          Alex Pietrangelo                                  15     0   2  3  

PowerPlay Forward 
   Center                   Left Wing                Right Wing               Time % Phy DF OF 
 1 Steven Stamkos           Mikael Granlund          Kyle Palmieri            51     0   2  3  
 2 Brock Nelson             J.T. Compher             Reyley Smith             49     0   2  3  

PowerPlay Defense
   Defense                  Defense                                           Time % Phy DF OF 
 1 Brandon Montour          Ben Hutton                                        55     0   2  3  
 2 Ron Hainsey              Jordie Benn                                       45     0   2  3  

Penalty Kill 4 Players Forward 
   Center                   Wing                     Time % Phy DF OF 
 1 J.T. Compher             Reyley Smith             60     0   3  2  
 2 Pierre-Edouard Bellemare Steven Stamkos           40     0   3  2  

Penalty Kill 4 Players Defense
   Defense                  Defense                  Time % Phy DF OF 
 1 Ron Hainsey              Jordie Benn              55     0   3  2  
 2 Ben Hutton               Michael Del Zotto        45     0   3  2  

Penalty Kill - 3 Players Forward 
   Forward                                           Time % Phy DF OF 
 1 Brad Richardson                                   55     1   4  0  
 2 Pierre-Edouard Bellemare                          45     1   4  0  

Penalty Kill - 3 Players Defense
   Defense                  Defense                  Time % Phy DF OF 
 1 Jordie Benn              Alex Pietrangelo         55     1   4  0  
 2 Brandon Montour          Michael Del Zotto        45     1   4  0  

4 vs 4 Forward 
   Center                   Wing                     Time % Phy DF OF 
 1 J.T. Compher             Kyle Palmieri            55     0   2  3  
 2 Mikael Granlund          Reyley Smith             45     0   2  3  

4 vs 4 Defense
   Defense                  Defense                  Time % Phy DF OF 
 1 Brandon Montour          Jordie Benn              55     1   2  2  
 2 Ron Hainsey              Michael Del Zotto        45     1   2  2  

Last Minutes Offensive
   Center                   Left Wing                Right Wing               Defense                  Defense                  
   Steven Stamkos           Stefan Noesen            Kyle Palmieri            Alex Pietrangelo         Jordie Benn              

Last Minutes Defensive
   Center                   Left Wing                Right Wing               Defense                  Defense                  
   Brock Nelson             Reyley Smith             Kyle Palmieri            Ron Hainsey              Michael Del Zotto        

Goaltenders
Starting : Jonathan Quick           
Backup : Brian Elliott            

Extra Forwards
Normal : Kyle Palmieri, Reyley Smith, J.T. Compher - PP : J.T. Compher, Reyley Smith - PK : J.T. Compher
Extra Defensemen
Normal : Brandon Montour, Ben Hutton, Ron Hainsey - PP : Brandon Montour - PK : Ben Hutton, Ron Hainsey
Penalty Shots
Steven Stamkos, Reyley Smith, Brock Nelson, Kyle Palmieri, Mikael Granlund
Custom OT Lines Forwards
Steven Stamkos, Brad Richardson, Brock Nelson, Kyle Palmieri, Reyley Smith, J.T. Compher, Mikael Granlund, Tobias Rieder, Pierre-Edouard Bellemare, Alexandre Texier
Custom OT Lines Defensemen
Alex Pietrangelo, Ben Hutton, Ron Hainsey, Jordie Benn, Brandon Montour

Scratches
Derek Stepan (Left Foot Injury), Taylor Hall (Sprained Right Finger Injury), Andreas Johnsson (Strained Left Elbow Injury), Loui Eriksson (Left Forearm Injury)

% Time on Ice - NORTH DAKOTA HAWKS

Lines # - Real PCT - Wanted PCT - Time Play
Normal Forward
1 - 29% - 28% - 11:19
2 - 27% - 28% - 10:26
3 - 24% - 24% - 9:21
4 - 20% - 20% - 7:53
Normal Defense
1 - 35% - 35% - 13:44
2 - 34% - 35% - 13:13
3 - 23% - 18% - 8:54
4 - 8% - 12% - 3:08
PP Forward
1 - 54% - 50% - 4:38
2 - 46% - 50% - 3:55
PP Defense
1 - 47% - 50% - 4:00
2 - 53% - 50% - 4:33
PK Forward
1 - 52% - 50% - 5:09
2 - 48% - 50% - 4:46
PK Defense
1 - 49% - 50% - 4:51
2 - 51% - 50% - 5:04
PK3 Forward
1 - 0% - 50%
2 - 0% - 50%
PK3 Defense
1 - 0% - 50%
2 - 0% - 50%
44 Forward
1 - 51% - 50% - 1:01
2 - 49% - 50% - 0:58
44 Defense
1 - 31% - 50% - 0:37
2 - 69% - 50% - 1:22
Last Minute Offensive  - 0:34
Last Minute Defensive  - 0:00
Total
Forward - 60:00
Defense - 60:00

% Time on Ice - LONG BEACH BARACUDAS

Lines # - Real PCT - Wanted PCT - Time Play
Normal Forward
1 - 38% - 40% - 14:43
2 - 32% - 33% - 12:24
3 - 22% - 18% - 8:19
4 - 8% - 9% - 3:08
Normal Defense
1 - 34% - 40% - 13:07
2 - 28% - 30% - 10:42
3 - 31% - 15% - 11:46
4 - 8% - 15% - 2:59
PP Forward
1 - 47% - 51% - 4:39
2 - 53% - 49% - 5:16
PP Defense
1 - 55% - 55% - 5:29
2 - 45% - 45% - 4:26
PK Forward
1 - 72% - 60% - 6:07
2 - 28% - 40% - 2:26
PK Defense
1 - 48% - 55% - 4:07
2 - 52% - 45% - 4:26
PK3 Forward
1 - 0% - 55%
2 - 0% - 45%
PK3 Defense
1 - 0% - 55%
2 - 0% - 45%
44 Forward
1 - 46% - 55% - 0:55
2 - 54% - 45% - 1:04
44 Defense
1 - 46% - 55% - 0:55
2 - 54% - 45% - 1:04
Last Minute Offensive  - 0:00
Last Minute Defensive  - 0:59
Total
Forward - 60:00
Defense - 60:00

Play-by-Play

1st period


0:01 of 1st period - Brock Nelson wins face-off versus Nick Suzuki in neutral zone.
0:10 of 1st period - Minor Penalty to Luke Kunin for Hooking.
0:11 of 1st period - Steven Stamkos wins face-off versus Ryan Carpenter in NORTH DAKOTA HAWKS zone.
1:08 of 1st period - J.T. Compher is hit by Craig Smith.
1:34 of 1st period - Shot by Reyley Smith.
1:34 of 1st period - Stopped by Cameron Talbot without a rebound.
1:35 of 1st period - Ryan Carpenter wins face-off versus Brock Nelson in NORTH DAKOTA HAWKS zone.
1:46 of 1st period - Ryan Carpenter is hit by Brock Nelson and loses puck.
2:17 of 1st period - Shot by Tobias Rieder.
2:17 of 1st period - Stopped by Cameron Talbot with a rebound.
2:19 of 1st period - Shot by Alex Pietrangelo.
2:19 of 1st period - Shot Misses the Net.
2:21 of 1st period - Shot by Brandon Montour.
2:21 of 1st period - Shot Misses the Net.
2:27 of 1st period - Shot by Mikael Granlund.
2:27 of 1st period - Shot Misses the Net.
2:29 of 1st period - Shot by Joshua Norris.
2:29 of 1st period - Shot Blocked by Marc Staal.
2:31 of 1st period - Shot by Mikael Granlund.
2:31 of 1st period - Stopped by Cameron Talbot without a rebound.
2:32 of 1st period - Nic Dowd wins face-off versus Pierre-Edouard Bellemare in NORTH DAKOTA HAWKS zone.
2:32 of 1st period - Nic Dowd is hit by Steven Stamkos.
2:35 of 1st period - Icing by Dougie Hamilton.
2:36 of 1st period - Pierre-Edouard Bellemare wins face-off versus Zack Kassian in NORTH DAKOTA HAWKS zone.
3:35 of 1st period - Brock Nelson is hit by Zack Kassian and loses puck.
3:46 of 1st period - Shot by Brock Nelson.
3:46 of 1st period - Stopped by Cameron Talbot without a rebound.
3:47 of 1st period - Joshua Norris wins face-off versus Brandon Sutter in NORTH DAKOTA HAWKS zone.
4:05 of 1st period - Mikael Granlund is hit by Brandon Sutter and loses puck.
4:37 of 1st period - Icing by Marc Staal.
4:38 of 1st period - Brock Nelson wins face-off versus Craig Smith in NORTH DAKOTA HAWKS zone.
5:04 of 1st period - Shot by Reyley Smith.
5:04 of 1st period - Shot Blocked by Josh Brown.
5:06 of 1st period - Shot by Alex Pietrangelo.
5:06 of 1st period - Stopped by Cameron Talbot without a rebound.
5:07 of 1st period - Pierre-Edouard Bellemare wins face-off versus Cody Eakin in NORTH DAKOTA HAWKS zone.
5:27 of 1st period - Icing by Pierre-Edouard Bellemare.
5:28 of 1st period - Nick Suzuki wins face-off versus Alexandre Texier in LONG BEACH BARACUDAS zone.
7:02 of 1st period - Icing by Alex Pietrangelo.
7:03 of 1st period - Nic Dowd wins face-off versus Brock Nelson in LONG BEACH BARACUDAS zone.
7:28 of 1st period - Shot by Zack Kassian.
7:28 of 1st period - Shot Misses the Net.
7:31 of 1st period - Icing by Kyle Palmieri.
7:32 of 1st period - Nick Suzuki wins face-off versus Brock Nelson in LONG BEACH BARACUDAS zone.
7:46 of 1st period - Nick Suzuki is hit by Brad Richardson and loses puck.
8:15 of 1st period - Shot by Alex Killorn.
8:15 of 1st period - Stopped by Jonathan Quick with a rebound.
8:19 of 1st period - Shot by Nick Suzuki.
8:19 of 1st period - Goal by Nick Suzuki - NORTH DAKOTA HAWKS : 1 - LONG BEACH BARACUDAS : 0.
8:20 of 1st period - Joshua Norris wins face-off versus Brandon Sutter in neutral zone.
8:46 of 1st period - Shot by Craig Smith.
8:46 of 1st period - Shot Misses the Net.
9:46 of 1st period - Icing by Reyley Smith.
9:47 of 1st period - Ryan Carpenter wins face-off versus Brock Nelson in LONG BEACH BARACUDAS zone.
9:54 of 1st period - Shot by Cody Eakin.
9:54 of 1st period - Shot Misses the Net.
11:18 of 1st period - Minor Penalty to Michael Del Zotto for Cross-checking.
11:19 of 1st period - J.T. Compher wins face-off versus Alex Killorn in LONG BEACH BARACUDAS zone.
11:39 of 1st period - Shot by Luke Kunin.
11:39 of 1st period - Shot Misses the Net.
11:41 of 1st period - Shot by Marc Staal.
11:41 of 1st period - Shot Blocked by Ben Hutton.
11:43 of 1st period - Shot by Luke Kunin.
11:43 of 1st period - Shot Misses the Net.
12:11 of 1st period - Shot by Frank Vatrano.
12:11 of 1st period - Stopped by Jonathan Quick without a rebound.
12:12 of 1st period - Ryan Carpenter wins face-off versus Pierre-Edouard Bellemare in LONG BEACH BARACUDAS zone.
12:34 of 1st period - Shot by Frank Vatrano.
12:34 of 1st period - Shot Misses the Net.
12:36 of 1st period - Shot by Quinton Hughes.
12:36 of 1st period - Shot Misses the Net.
12:56 of 1st period - Shot by J.T. Compher.
12:56 of 1st period - Stopped by Cameron Talbot without a rebound.
12:57 of 1st period - J.T. Compher wins face-off versus Alex Killorn in NORTH DAKOTA HAWKS zone.
12:58 of 1st period - Shot by Reyley Smith.
12:58 of 1st period - Shot Misses the Net.
13:52 of 1st period - Shot by Cody Eakin.
13:52 of 1st period - Stopped by Jonathan Quick without a rebound.
13:53 of 1st period - Pierre-Edouard Bellemare wins face-off versus Nick Suzuki in LONG BEACH BARACUDAS zone.
14:00 of 1st period - Shot by Luke Kunin.
14:00 of 1st period - Shot Misses the Net.
14:42 of 1st period - Shot by Kyle Palmieri.
14:42 of 1st period - Stopped by Cameron Talbot with a rebound.
15:42 of 1st period - Shot by Zack Kassian.
15:42 of 1st period - Shot Misses the Net.
16:28 of 1st period - Icing by Ryan Lindgren.
16:29 of 1st period - Brandon Sutter wins face-off versus Pierre-Edouard Bellemare in NORTH DAKOTA HAWKS zone.
16:50 of 1st period - Shot by Craig Smith.
16:50 of 1st period - Shot Blocked by Alex Pietrangelo.
16:53 of 1st period - Icing by Alex Pietrangelo.
16:54 of 1st period - Pierre-Edouard Bellemare wins face-off versus Cody Eakin in LONG BEACH BARACUDAS zone.
16:54 of 1st period - Pierre-Edouard Bellemare is hit by Matthew Nieto.
17:10 of 1st period - Shot by Quinton Hughes.
17:10 of 1st period - Stopped by Jonathan Quick without a rebound.
17:11 of 1st period - Nic Dowd wins face-off versus Brock Nelson in LONG BEACH BARACUDAS zone.
17:19 of 1st period - Off-side.
17:20 of 1st period - Kyle Palmieri wins face-off versus Brandon Sutter in neutral zone.
17:43 of 1st period - Shot by Craig Smith.
17:43 of 1st period - Shot Misses the Net.
18:30 of 1st period - Minor Penalty to Zack Kassian for Holding.
18:31 of 1st period - Steven Stamkos wins face-off versus Ryan Carpenter in NORTH DAKOTA HAWKS zone.
18:42 of 1st period - Shot by Steven Stamkos.
18:42 of 1st period - Shot Misses the Net.
18:44 of 1st period - Shot by Mikael Granlund.
18:44 of 1st period - Shot Misses the Net.
19:12 of 1st period - Shot by Mikael Granlund.
19:12 of 1st period - Shot Misses the Net.
19:14 of 1st period - Shot by J.T. Compher.
19:14 of 1st period - Stopped by Cameron Talbot without a rebound.
19:15 of 1st period - Brock Nelson wins face-off versus Brandon Sutter in NORTH DAKOTA HAWKS zone.
Goals for this period are 1 for NORTH DAKOTA HAWKS vs 0 for LONG BEACH BARACUDAS.
Shots for this period are 5 for NORTH DAKOTA HAWKS vs 8 for LONG BEACH BARACUDAS.

2nd period


0:01 of 2nd period - Brandon Sutter wins face-off versus Steven Stamkos in neutral zone.
0:14 of 2nd period - Shot by Craig Smith.
0:14 of 2nd period - Stopped by Jonathan Quick without a rebound.
0:15 of 2nd period - Ryan Carpenter wins face-off versus Brock Nelson in LONG BEACH BARACUDAS zone.
0:16 of 2nd period - Shot by Frank Vatrano.
0:16 of 2nd period - Shot Blocked by Ron Hainsey.
0:33 of 2nd period - Brock Nelson is hit by Josh Brown and loses puck.
1:42 of 2nd period - Off-side.
1:43 of 2nd period - Brock Nelson wins face-off versus Ryan Carpenter in neutral zone.
2:14 of 2nd period - Shot by Brock Nelson.
2:14 of 2nd period - Stopped by Cameron Talbot without a rebound.
2:15 of 2nd period - Joshua Norris wins face-off versus Nic Dowd in NORTH DAKOTA HAWKS zone.
2:24 of 2nd period - Shot by Joshua Norris.
2:24 of 2nd period - Stopped by Cameron Talbot without a rebound.
2:25 of 2nd period - J.T. Compher wins face-off versus Nick Suzuki in NORTH DAKOTA HAWKS zone.
2:26 of 2nd period - Shot by Alex Pietrangelo.
2:26 of 2nd period - Shot Misses the Net.
2:28 of 2nd period - Shot by Brad Richardson.
2:28 of 2nd period - Goal by Brad Richardson - NORTH DAKOTA HAWKS : 1 - LONG BEACH BARACUDAS : 1.
2:29 of 2nd period - Nic Dowd wins face-off versus Brock Nelson in neutral zone.
2:43 of 2nd period - Icing by Josh Brown.
2:44 of 2nd period - Mikael Granlund wins face-off versus Nic Dowd in NORTH DAKOTA HAWKS zone.
2:54 of 2nd period - Shot by Mikael Granlund.
2:54 of 2nd period - Stopped by Cameron Talbot with a rebound.
2:57 of 2nd period - Double Minor Penalty to Joshua Norris for Slashing.
2:58 of 2nd period - J.T. Compher wins face-off versus Nick Suzuki in LONG BEACH BARACUDAS zone.
2:58 of 2nd period - J.T. Compher is hit by Nick Suzuki.
3:19 of 2nd period - Icing by Quinton Hughes.
3:20 of 2nd period - Nick Suzuki wins face-off versus J.T. Compher in NORTH DAKOTA HAWKS zone.
3:28 of 2nd period - Shot by Quinton Hughes.
3:28 of 2nd period - Stopped by Jonathan Quick with a rebound.
3:30 of 2nd period - Shot by Craig Smith.
3:30 of 2nd period - Shot Blocked by Ron Hainsey.
3:34 of 2nd period - Shot by Luke Kunin.
3:34 of 2nd period - Goal by Luke Kunin - NORTH DAKOTA HAWKS : 2 - LONG BEACH BARACUDAS : 1.
3:35 of 2nd period - Ryan Carpenter wins face-off versus J.T. Compher in neutral zone.
6:00 of 2nd period - Shot by Mikael Granlund.
6:00 of 2nd period - Stopped by Cameron Talbot with a rebound.
6:06 of 2nd period - Shot by Cody Eakin.
6:06 of 2nd period - Stopped by Jonathan Quick with a rebound.
6:10 of 2nd period - Shot by Matthew Nieto.
6:10 of 2nd period - Deflect By Cody Eakin.
6:10 of 2nd period - Stopped by Jonathan Quick without a rebound.
6:11 of 2nd period - Brandon Sutter wins face-off versus Pierre-Edouard Bellemare in LONG BEACH BARACUDAS zone.
6:15 of 2nd period - Jack Hughes is hit by Ron Hainsey and loses puck.
6:53 of 2nd period - Icing by Dougie Hamilton.
6:54 of 2nd period - Brock Nelson wins face-off versus Brandon Sutter in NORTH DAKOTA HAWKS zone.
7:11 of 2nd period - Shot by Kyle Palmieri.
7:11 of 2nd period - Stopped by Cameron Talbot without a rebound.
7:12 of 2nd period - Joshua Norris wins face-off versus Nick Suzuki in NORTH DAKOTA HAWKS zone.
7:30 of 2nd period - Off-side.
7:31 of 2nd period - Brock Nelson wins face-off versus Nic Dowd in neutral zone.
7:34 of 2nd period - Shot by Reyley Smith.
7:34 of 2nd period - Deflect By Brock Nelson.
7:34 of 2nd period - Stopped by Cameron Talbot with a rebound.
7:36 of 2nd period - Shot by Reyley Smith.
7:36 of 2nd period - Shot Misses the Net.
7:46 of 2nd period - Shot by Nic Dowd.
7:46 of 2nd period - Deflect By Frank Vatrano.
7:46 of 2nd period - Shot Misses the Net.
8:05 of 2nd period - Minor Penalty to Ben Hutton for Hooking.
8:06 of 2nd period - J.T. Compher wins face-off versus Nick Suzuki in LONG BEACH BARACUDAS zone.
9:09 of 2nd period - Shot by Craig Smith.
9:09 of 2nd period - Shot Blocked by Brandon Montour.
9:13 of 2nd period - Shot by Frank Vatrano.
9:13 of 2nd period - Stopped by Jonathan Quick without a rebound.
9:14 of 2nd period - Ryan Carpenter wins face-off versus J.T. Compher in LONG BEACH BARACUDAS zone.
9:15 of 2nd period - Shot by Craig Smith.
9:15 of 2nd period - Shot Misses the Net.
10:38 of 2nd period - Shot by Mikael Granlund.
10:38 of 2nd period - Stopped by Cameron Talbot without a rebound.
10:39 of 2nd period - Nick Suzuki wins face-off versus Pierre-Edouard Bellemare in NORTH DAKOTA HAWKS zone.
10:57 of 2nd period - Shot by Alex Killorn.
10:57 of 2nd period - Shot Misses the Net.
10:59 of 2nd period - Shot by Nick Suzuki.
10:59 of 2nd period - Stopped by Jonathan Quick with a rebound.
11:09 of 2nd period - Shot by Nick Suzuki.
11:09 of 2nd period - Stopped by Jonathan Quick with a rebound.
11:11 of 2nd period - Shot by Marc Staal.
11:11 of 2nd period - Shot Misses the Net.
11:13 of 2nd period - Shot by Luke Kunin.
11:13 of 2nd period - Deflect By Nick Suzuki.
11:13 of 2nd period - Shot Misses the Net.
11:29 of 2nd period - Shot by Zack Kassian.
11:29 of 2nd period - Shot Blocked by Alex Pietrangelo.
11:31 of 2nd period - Shot by Dougie Hamilton.
11:31 of 2nd period - Shot Misses the Net.
11:33 of 2nd period - Shot by Nic Dowd.
11:33 of 2nd period - Shot Misses the Net.
12:13 of 2nd period - Off-side.
12:14 of 2nd period - Brock Nelson wins face-off versus Cody Eakin in neutral zone.
12:22 of 2nd period - Shot by Ryan Carpenter.
12:22 of 2nd period - Stopped by Jonathan Quick without a rebound.
12:23 of 2nd period - Brock Nelson wins face-off versus Brandon Sutter in LONG BEACH BARACUDAS zone.
12:45 of 2nd period - Minor Penalty to Josh Brown for Hooking.
12:46 of 2nd period - Ryan Carpenter wins face-off versus Brock Nelson in NORTH DAKOTA HAWKS zone.
13:38 of 2nd period - Shot by Kyle Palmieri.
13:38 of 2nd period - Stopped by Cameron Talbot without a rebound.
13:39 of 2nd period - Steven Stamkos wins face-off versus Ryan Carpenter in NORTH DAKOTA HAWKS zone.
13:40 of 2nd period - Shot by Mikael Granlund.
13:40 of 2nd period - Shot Misses the Net.
13:42 of 2nd period - Shot by Steven Stamkos.
13:42 of 2nd period - Shot Misses the Net.
13:44 of 2nd period - Shot by Ron Hainsey.
13:44 of 2nd period - Stopped by Cameron Talbot without a rebound.
13:45 of 2nd period - Ryan Carpenter wins face-off versus Steven Stamkos in NORTH DAKOTA HAWKS zone.
14:12 of 2nd period - Shot by Kyle Palmieri.
14:12 of 2nd period - Stopped by Cameron Talbot without a rebound.
14:13 of 2nd period - Brock Nelson wins face-off versus Brandon Sutter in NORTH DAKOTA HAWKS zone.
14:22 of 2nd period - Shot by J.T. Compher.
14:22 of 2nd period - Shot Blocked by Marc Staal.
14:24 of 2nd period - Shot by Brock Nelson.
14:24 of 2nd period - Shot Misses the Net.
14:26 of 2nd period - Shot by Ben Hutton.
14:26 of 2nd period - Stopped by Cameron Talbot without a rebound.
14:27 of 2nd period - Brandon Sutter wins face-off versus Brock Nelson in NORTH DAKOTA HAWKS zone.
14:33 of 2nd period - Icing by Reyley Smith.
14:34 of 2nd period - Brandon Sutter wins face-off versus Brock Nelson in LONG BEACH BARACUDAS zone.
14:50 of 2nd period - Alex Killorn is hit by Steven Stamkos and loses puck.
15:02 of 2nd period - Shot by Pierre-Edouard Bellemare.
15:02 of 2nd period - Goal by Pierre-Edouard Bellemare - NORTH DAKOTA HAWKS : 2 - LONG BEACH BARACUDAS : 2.
15:03 of 2nd period - Brock Nelson wins face-off versus Nic Dowd in neutral zone.
15:03 of 2nd period - Kyle Palmieri is hit by Zack Kassian and loses puck.
15:09 of 2nd period - Minor Penalty to Brock Nelson for Roughing.
15:09 of 2nd period - Minor Penalty to Marc Staal for Hooking.
15:10 of 2nd period - J.T. Compher wins face-off versus Nick Suzuki in NORTH DAKOTA HAWKS zone.
15:30 of 2nd period - Ryan Lindgren is hit by J.T. Compher and loses puck.
15:46 of 2nd period - Shot by Alex Killorn.
15:46 of 2nd period - Stopped by Jonathan Quick without a rebound.
15:47 of 2nd period - Brandon Sutter wins face-off versus Mikael Granlund in LONG BEACH BARACUDAS zone.
15:54 of 2nd period - Shot by Zack Kassian.
15:54 of 2nd period - Stopped by Jonathan Quick with a rebound.
16:50 of 2nd period - Shot by Alex Killorn.
16:50 of 2nd period - Stopped by Jonathan Quick without a rebound.
16:51 of 2nd period - Brandon Sutter wins face-off versus J.T. Compher in LONG BEACH BARACUDAS zone.
17:16 of 2nd period - Shot by Cody Eakin.
17:16 of 2nd period - Shot Misses the Net.
17:29 of 2nd period - Shot by Pierre-Edouard Bellemare.
17:29 of 2nd period - Stopped by Cameron Talbot with a rebound.
17:33 of 2nd period - Shot by Steven Stamkos.
17:33 of 2nd period - Shot Misses the Net.
17:35 of 2nd period - Shot by Brandon Montour.
17:35 of 2nd period - Shot Misses the Net.
18:17 of 2nd period - Shot by Nick Suzuki.
18:17 of 2nd period - Stopped by Jonathan Quick without a rebound.
18:18 of 2nd period - Nic Dowd wins face-off versus Brock Nelson in LONG BEACH BARACUDAS zone.
18:27 of 2nd period - Shot by Zack Kassian.
18:27 of 2nd period - Shot Misses the Net.
18:29 of 2nd period - Shot by Zack Kassian.
18:29 of 2nd period - Stopped by Jonathan Quick without a rebound.
18:30 of 2nd period - Joshua Norris wins face-off versus Nick Suzuki in LONG BEACH BARACUDAS zone.
18:53 of 2nd period - Shot by Joshua Norris.
18:53 of 2nd period - Deflect By Mikael Granlund.
18:53 of 2nd period - Shot Blocked by Dougie Hamilton.
18:55 of 2nd period - Shot by Michael Del Zotto.
18:55 of 2nd period - Deflect By Mikael Granlund.
18:55 of 2nd period - Stopped by Cameron Talbot with a rebound.
18:57 of 2nd period - Shot by Michael Del Zotto.
18:57 of 2nd period - Deflect By Mikael Granlund.
18:57 of 2nd period - Shot Misses the Net.
19:30 of 2nd period - Shot by Kyle Palmieri.
19:30 of 2nd period - Deflect By Reyley Smith.
19:30 of 2nd period - Stopped by Cameron Talbot without a rebound.
19:31 of 2nd period - Pierre-Edouard Bellemare wins face-off versus Brandon Sutter in NORTH DAKOTA HAWKS zone.
19:37 of 2nd period - Minor Penalty to Pierre-Edouard Bellemare for Hooking.
19:38 of 2nd period - J.T. Compher wins face-off versus Ryan Carpenter in LONG BEACH BARACUDAS zone.
19:38 of 2nd period - J.T. Compher is hit by Zack Kassian.
19:45 of 2nd period - Icing by Marc Staal.
19:46 of 2nd period - J.T. Compher wins face-off versus Ryan Carpenter in NORTH DAKOTA HAWKS zone.
Goals for this period are 1 for NORTH DAKOTA HAWKS vs 2 for LONG BEACH BARACUDAS.
Shots for this period are 14 for NORTH DAKOTA HAWKS vs 16 for LONG BEACH BARACUDAS.

3rd period


0:01 of 3rd period - J.T. Compher wins face-off versus Ryan Carpenter in neutral zone.
0:19 of 3rd period - Icing by Ryan Carpenter.
0:20 of 3rd period - J.T. Compher wins face-off versus Ryan Carpenter in NORTH DAKOTA HAWKS zone.
0:26 of 3rd period - Off-side.
0:27 of 3rd period - J.T. Compher wins face-off versus Alex Killorn in neutral zone.
0:42 of 3rd period - Icing by Alex Killorn.
0:43 of 3rd period - Nick Suzuki wins face-off versus J.T. Compher in NORTH DAKOTA HAWKS zone.
0:54 of 3rd period - Shot by Quinton Hughes.
0:54 of 3rd period - Stopped by Jonathan Quick with a rebound.
0:56 of 3rd period - Shot by Craig Smith.
0:56 of 3rd period - Shot Blocked by Ron Hainsey.
1:00 of 3rd period - Shot by Alex Killorn.
1:00 of 3rd period - Shot Misses the Net.
1:02 of 3rd period - Shot by Nick Suzuki.
1:02 of 3rd period - Shot Misses the Net.
1:04 of 3rd period - Shot by Nick Suzuki.
1:04 of 3rd period - Shot Misses the Net.
1:56 of 3rd period - Shot by Ryan Carpenter.
1:56 of 3rd period - Stopped by Jonathan Quick with a rebound.
1:58 of 3rd period - Shot by Dougie Hamilton.
1:58 of 3rd period - Stopped by Jonathan Quick without a rebound.
1:59 of 3rd period - Pierre-Edouard Bellemare wins face-off versus Nic Dowd in LONG BEACH BARACUDAS zone.
2:15 of 3rd period - Off-side.
2:16 of 3rd period - Brock Nelson wins face-off versus Cody Eakin in neutral zone.
2:45 of 3rd period - Shot by Reyley Smith.
2:45 of 3rd period - Shot Misses the Net.
3:30 of 3rd period - Shot by Frank Vatrano.
3:30 of 3rd period - Shot Blocked by Brandon Montour.
4:08 of 3rd period - Shot by Steven Stamkos.
4:08 of 3rd period - Stopped by Cameron Talbot without a rebound.
4:09 of 3rd period - Joshua Norris wins face-off versus Craig Smith in NORTH DAKOTA HAWKS zone.
4:14 of 3rd period - Shot by Mikael Granlund.
4:14 of 3rd period - Stopped by Cameron Talbot without a rebound.
4:15 of 3rd period - Pierre-Edouard Bellemare wins face-off versus Jack Hughes in NORTH DAKOTA HAWKS zone.
4:20 of 3rd period - Shot by Steven Stamkos.
4:20 of 3rd period - Shot Misses the Net.
4:52 of 3rd period - Shot by Steven Stamkos.
4:52 of 3rd period - Stopped by Cameron Talbot with a rebound.
5:11 of 3rd period - Off-side.
5:12 of 3rd period - Nick Suzuki wins face-off versus Joshua Norris in neutral zone.
5:35 of 3rd period - Icing by Mikael Granlund.
5:36 of 3rd period - Joshua Norris wins face-off versus Nic Dowd in LONG BEACH BARACUDAS zone.
6:12 of 3rd period - Shot by Frank Vatrano.
6:12 of 3rd period - Shot Misses the Net.
6:41 of 3rd period - Icing by Michael Del Zotto.
6:42 of 3rd period - Joshua Norris wins face-off versus Brandon Sutter in LONG BEACH BARACUDAS zone.
6:46 of 3rd period - Tobias Rieder is hit by Martin Marincin and loses puck.
6:55 of 3rd period - Shot by Jack Hughes.
6:55 of 3rd period - Stopped by Jonathan Quick without a rebound.
6:56 of 3rd period - Brock Nelson wins face-off versus Nick Suzuki in LONG BEACH BARACUDAS zone.
6:56 of 3rd period - Brock Nelson is hit by Luke Kunin.
7:03 of 3rd period - Minor Penalty to Josh Brown for Tripping.
7:04 of 3rd period - Brandon Sutter wins face-off versus Brock Nelson in NORTH DAKOTA HAWKS zone.
7:25 of 3rd period - Shot by Brock Nelson.
7:25 of 3rd period - Stopped by Cameron Talbot with a rebound.
7:40 of 3rd period - Icing by Brandon Montour.
7:41 of 3rd period - Brandon Sutter wins face-off versus Brock Nelson in LONG BEACH BARACUDAS zone.
8:06 of 3rd period - Shot by Craig Smith.
8:06 of 3rd period - Shot Misses the Net.
8:28 of 3rd period - Shot by Steven Stamkos.
8:28 of 3rd period - Stopped by Cameron Talbot without a rebound.
8:29 of 3rd period - Ryan Carpenter wins face-off versus Steven Stamkos in NORTH DAKOTA HAWKS zone.
8:35 of 3rd period - Icing by Kyle Palmieri.
8:36 of 3rd period - Ryan Carpenter wins face-off versus Steven Stamkos in LONG BEACH BARACUDAS zone.
9:05 of 3rd period - Shot by J.T. Compher.
9:05 of 3rd period - Deflect By Stefan Noesen.
9:05 of 3rd period - Goal by Stefan Noesen - NORTH DAKOTA HAWKS : 2 - LONG BEACH BARACUDAS : 3.
9:06 of 3rd period - Pierre-Edouard Bellemare wins face-off versus Nick Suzuki in neutral zone.
9:25 of 3rd period - Icing by Luke Kunin.
9:26 of 3rd period - Brock Nelson wins face-off versus Nick Suzuki in NORTH DAKOTA HAWKS zone.
9:27 of 3rd period - Shot by Reyley Smith.
9:27 of 3rd period - Stopped by Cameron Talbot without a rebound.
9:28 of 3rd period - Nic Dowd wins face-off versus Brock Nelson in NORTH DAKOTA HAWKS zone.
9:35 of 3rd period - Ron Hainsey is hit by Zack Kassian and loses puck.
9:41 of 3rd period - Kyle Palmieri is hit by Dougie Hamilton and loses puck.
9:55 of 3rd period - Minor Penalty to Dougie Hamilton for Hooking.
9:56 of 3rd period - Craig Smith wins face-off versus Steven Stamkos in NORTH DAKOTA HAWKS zone.
10:11 of 3rd period - Icing by Steven Stamkos.
10:12 of 3rd period - Steven Stamkos wins face-off versus Brandon Sutter in LONG BEACH BARACUDAS zone.
11:17 of 3rd period - Shot by Brock Nelson.
11:17 of 3rd period - Stopped by Cameron Talbot with a rebound.
12:01 of 3rd period - Shot by Pierre-Edouard Bellemare.
12:01 of 3rd period - Stopped by Cameron Talbot with a rebound.
12:03 of 3rd period - Shot by Alex Pietrangelo.
12:03 of 3rd period - Stopped by Cameron Talbot without a rebound.
12:04 of 3rd period - Nick Suzuki wins face-off versus Tobias Rieder in NORTH DAKOTA HAWKS zone.
12:23 of 3rd period - Shot by Mikael Granlund.
12:23 of 3rd period - Shot Misses the Net.
12:25 of 3rd period - Shot by Mikael Granlund.
12:25 of 3rd period - Shot Misses the Net.
12:27 of 3rd period - Shot by Alex Pietrangelo.
12:27 of 3rd period - Shot Misses the Net.
12:43 of 3rd period - Alex Pietrangelo is hit by Alex Killorn and loses puck.
12:50 of 3rd period - Dougie Hamilton is hit by Joshua Norris and loses puck.
13:53 of 3rd period - Shot by Zack Kassian.
13:53 of 3rd period - Shot Blocked by Kyle Palmieri.
13:58 of 3rd period - Icing by Reyley Smith.
13:59 of 3rd period - Brandon Sutter wins face-off versus Brock Nelson in LONG BEACH BARACUDAS zone.
14:16 of 3rd period - Shot by Craig Smith.
14:16 of 3rd period - Shot Blocked by Michael Del Zotto.
14:38 of 3rd period - Shot by Brock Nelson.
14:38 of 3rd period - Shot Blocked by Ryan Lindgren.
15:24 of 3rd period - Off-side.
15:25 of 3rd period - Nic Dowd wins face-off versus Pierre-Edouard Bellemare in neutral zone.
15:34 of 3rd period - Shot by Zack Kassian.
15:34 of 3rd period - Stopped by Jonathan Quick without a rebound.
15:35 of 3rd period - Nick Suzuki wins face-off versus Brad Richardson in LONG BEACH BARACUDAS zone.
15:40 of 3rd period - Shot by Alex Killorn.
15:40 of 3rd period - Shot Blocked by Alex Pietrangelo.
16:53 of 3rd period - Shot by Steven Stamkos.
16:53 of 3rd period - Stopped by Cameron Talbot without a rebound.
16:54 of 3rd period - Brock Nelson wins face-off versus Brandon Sutter in NORTH DAKOTA HAWKS zone.
16:59 of 3rd period - Shot by Kyle Palmieri.
16:59 of 3rd period - Stopped by Cameron Talbot with a rebound.
17:29 of 3rd period - Craig Smith is hit by Jordie Benn.
17:55 of 3rd period - Icing by Jordie Benn.
17:56 of 3rd period - Nic Dowd wins face-off versus Brock Nelson in LONG BEACH BARACUDAS zone.
17:56 of 3rd period - Nic Dowd is hit by Michael Del Zotto.
18:00 of 3rd period - Shot by Frank Vatrano.
18:00 of 3rd period - Shot Misses the Net.
18:02 of 3rd period - Shot by Nic Dowd.
18:02 of 3rd period - Deflect By Frank Vatrano.
18:02 of 3rd period - Stopped by Jonathan Quick with a rebound.
19:25 of 3rd period - Shot by J.T. Compher.
19:25 of 3rd period - Stopped by Cameron Talbot without a rebound.
19:26 of 3rd period - J.T. Compher wins face-off versus Nick Suzuki in NORTH DAKOTA HAWKS zone.
19:27 of 3rd period - Shot by Steven Stamkos.
19:27 of 3rd period - Stopped by Cameron Talbot without a rebound.
19:28 of 3rd period - J.T. Compher wins face-off versus Nick Suzuki in NORTH DAKOTA HAWKS zone.
19:31 of 3rd period - Shot by Steven Stamkos.
19:31 of 3rd period - Shot Misses the Net.
19:55 of 3rd period - NORTH DAKOTA HAWKS, Cameron Talbot is pulled from the net.
Goals for this period are 0 for NORTH DAKOTA HAWKS vs 1 for LONG BEACH BARACUDAS.
Shots for this period are 6 for NORTH DAKOTA HAWKS vs 14 for LONG BEACH BARACUDAS.


SCOTT
LAUGHTON
IGOR
SHESTERKIN
ALEX
TUCH

EAST COAST

HOCKEY LEAGUE

  • 9.CHI2QUE6
  • 10.LIM2CHA3
  • 11.LON6TRV4
  • 12.BAL3CHW2
  • 13.MANPIT
  • 14.NHWATL
  • 15.PETWOR
  • 16.RHI